 Dungeon Crawl Stone Soup version 0.25-a0-1133-g93ebf739aa (webtiles) character file.

Game seed: 13966345323632399293, levelgen mode: deterministic

2741 Lanoc the Basher (level 9, -9/89 HPs)
             Began as a Troll Berserker on May 20, 2020.
             Was an Elder of Trog.
             Mangled by a moth of wrath (18 damage)
             ... on level 7 of the Dungeon.
             The game lasted 00:08:18 (4117 turns).

Lanoc the Basher (Troll Berserker)                  Turns: 4117, Time: 00:08:19

Health: -9/89      AC: 12    Str: 27    XL:     9   Next: 40%
Magic:  0/8        EV: 11    Int:  3    God:    Trog [****..]
Gold:   113        SH:  0    Dex: 18    Spells: 8/8 levels left

rFire    . . .     SeeInvis .   a - +2 mace (protect)
rCold    . . .     Gourm    +   (no shield)
rNeg     . . .     Faith    .   A - +0 steam dragon scales
rPois    .         Spirit   +   (helmet restricted)
rElec    .         Reflect  .   q - +2 cloak
rCorr    .         Harm     .   (gloves unavailable)
MR       ++...                  (boots unavailable)
Stlth    +++.......             u - amulet of guardian spirit
HPRegen  1.64/turn              j - +6 ring of dexterity
MPRegen  0.11/turn              b - ring of stealth (curse)

@: berserk cooldown, regenerating, slowed, very heavily drained, very slow
A: large, unfitting armour, claws 3, fast metabolism 3, gourmand, regeneration
1, shaggy fur 1, tough skin 3
a: Berserk, Trog's Hand, Brothers in Arms, Renounce Religion


You were on level 7 of the Dungeon.
You worshipped Trog.
Trog was greatly pleased with you.
You were very full.

You visited 2 branches of the dungeon, and saw 8 of its levels.

You collected 337 gold pieces.
You spent 224 gold pieces at shops.

Inventory:

Hand Weapons
 a - a +2 mace of protection (weapon)
 E - a +0 giant spiked club
Missiles
 d - 26 poisoned darts (quivered)
Armour
 q - a +2 cloak (worn)
 y - a scarf of repulsion
 A - +0 steam dragon scales (worn)
Jewellery
 b - a cursed ring of stealth (right claw)
 j - a +6 ring of dexterity (left claw)
 m - an uncursed ring of protection from fire
 u - an amulet of guardian spirit (around neck)
Wands
 k - a wand of digging (5)
 l - a wand of acid (5)
 v - a wand of enslavement (9)
 x - a wand of flame (11)
 B - a wand of random effects (4)
Scrolls
 e - 5 scrolls of identify
 g - 4 scrolls of fear
 n - a scroll of noise {unknown}
 o - 4 scrolls of remove curse
 p - a scroll of immolation {unknown}
 s - 3 scrolls of teleportation {unknown}
 w - a scroll of magic mapping {unknown}
 D - a scroll of brand weapon {unknown}
 F - a scroll of enchant weapon {unknown}
Potions
 f - 4 potions of curing
 i - a potion of ambrosia
 r - a potion of cancellation
 t - 2 potions of haste
 z - 2 potions of degeneration {unknown}
 C - a potion of stabbing {unknown}
Comestibles
 c - 11 rations


   Skills:
 + Level 5.9(2.8) Fighting
 * Level 8.9(5.6) Maces & Flails
 + Level 5.9(2.8) Dodging


You had 8 spell levels left.
You didn't know any spells.
Your spell library was empty.

Dungeon Overview and Level Annotations

Branches:
Dungeon (7/15)             Temple (1/1) D:6

Altars:
Dithmenos
Fedhas
Kikubaaqudgha
Makhleb
Okawaru
Trog
Vehumet
Wu Jian

Shops:
D:6 [   D:7 (}*

Annotations:
D:7 1 transporter, ra1n577's ghost, novice DDFi


Innate Abilities, Weirdness & Mutations

You are too large for most types of armour.
You have claws for hands.
Your metabolism is lightning-fast.
You like to eat raw meat.
Your natural rate of healing is unusually fast.
You are covered in fur. (AC +1)
You have extremely tough skin. (AC +3)


Message History

You feel drained.
* * * LOW HITPOINT WARNING * * *
There is a transporter landing site, spattered with blood here.
The gnoll sergeant hits you from afar with a +2 trident of distortion.
* * * LOW HITPOINT WARNING * * *
Space bends around you.
* * * LOW HITPOINT WARNING * * *
Ra1n577's ghost says, "First you will suffer, then you will die."
Ra1n577's ghost hits you but does no damage.
You feel your anger nearly subside.
You are no longer berserk.
You are exhausted.
You feel yourself slow down. The orc warrior barely misses you.
You feel much better.
The orc warrior hits you with a +1 rapier of draining!!
* * * LOW HITPOINT WARNING * * *
You feel drained.
* * * LOW HITPOINT WARNING * * *
The moth of wrath completely misses you.
The gnoll sergeant barely misses you. The moth of wrath bites you!!
You die...

################################
#...........#...................
#...........#...................
#...........#...................
#...........#...................
#....##.....#...©...............
##...##.......#####.............
######.....###@y.###....##.....
#.....####Wo...##...##.....
#.....#..##gg...#..........
#....##.# ≈g....##.........
#....#..##.......#.........
##...#....._.##..#.........
##...#..##.).≈#..#.........
#....##.#≈#.###.##.......÷.
#.....#####...g##..........


You could see a moth of wrath, an orc warrior (berserk), 3 gnoll sergeants and
ra1n577's ghost.

Vanquished Creatures
  Maggie (D:6)
  A hornet (D:7)
  Eustachio (D:6)
  Menkaure (D:6)
  2 orc warriors (D:6)
  A sky beast (D:6)
  2 ogres (D:7)
  2 centaurs
  A bullfrog (D:7)
  A water moccasin skeleton (D:5)
  2 scorpions
  6 killer bees (D:7)
  A howler monkey (D:4)
  4 crimson imps
  A bullfrog zombie (D:6)
  2 centaur zombies
  4 hounds
  2 orc priests
  2 centaur skeletons
  3 orc wizards (D:6)
  An iguana (D:6)
  Terence (D:2)
  4 worker ants
  10 adders
  2 oozes
  An adder skeleton (D:5)
  2 adder zombies
  2 dart slugs
  3 leopard geckos
  23 orcs
  3 giant cockroaches
  6 goblins
  4 hobgoblins
  4 jackals (D:3)
  2 quokkas
  2 bats (D:2)
  4 frilled lizards
  A jackal zombie (D:6)
  2 kobolds
  A quokka zombie (D:6)
  4 rats
122 creatures vanquished.

Notes
Turn   | Place    | Note
-------+----------+-------------------------------------------
     0 | D:1      | Lanoc the Troll Berserker began the quest for the Orb.
     0 | D:1      | Reached XP level 1. HP: 22/22 MP: 0/0
    70 | D:2      | Found a shadowy altar of Dithmenos.
   114 | D:2      | Reached skill level 3 in Maces & Flails
   171 | D:2      | Reached XP level 2. HP: 29/29 MP: 1/1
   216 | D:2      | Found an ancient bone altar of Kikubaaqudgha.
   274 | D:2      | Found an ornate altar of the Wu Jian Council.
   315 | D:2      | Found an iron altar of Okawaru.
   430 | D:2      | Reached XP level 3. HP: 36/36 MP: 2/2
   439 | D:2      | Noticed Terence
   446 | D:2      | Killed Terence
   491 | D:3      | Reached ** piety under Trog
   498 | D:3      | Reached XP level 4. HP: 44/44 MP: 3/3
   884 | D:4      | Reached skill level 4 in Maces & Flails
   927 | D:4      | Found a bloodstained altar of Trog.
  1071 | D:4      | Reached XP level 5. HP: 51/53 MP: 4/4
  1457 | D:4      | Found a blossoming altar of Fedhas.
  1701 | D:4      | Found a radiant altar of Vehumet.
  1789 | D:5      | Entered Level 5 of the Dungeon
  1819 | D:5      | Reached XP level 6. HP: 61/61 MP: 5/5
  1887 | D:5      | Reached skill level 5 in Maces & Flails
  2107 | D:5      | Reached XP level 7. HP: 68/68 MP: 6/6
  2244 | D:6      | Found a staircase to the Ecumenical Temple.
  2250 | D:6      | Found a blossoming altar of Fedhas.
  2311 | Temple   | Entered the Ecumenical Temple
  2330 | D:6      | Noticed Maggie
  2340 | D:6      | Killed Maggie
  2340 | D:6      | Reached skill level 6 in Maces & Flails
  2425 | D:6      | Found Qiagh's Antique Armour Shop.
  2428 | D:6      | Reached *** piety under Trog
  2438 | D:6      | Noticed Menkaure
  2445 | D:6      | Killed Menkaure
  2445 | D:6      | Reached XP level 8. HP: 46/79 MP: 2/7
  2556 | D:6      | Noticed Eustachio
  2569 | D:6      | Killed Eustachio
  2569 | D:6      | Reached skill level 7 in Maces & Flails
  2617 | D:6      | Reached skill level 5 in Fighting
  2621 | D:6      | Reached skill level 5 in Dodging
  3253 | D:7      | Found Goadaif's Gadget Emporium.
  3260 | D:7      | Reached skill level 8 in Maces & Flails
  3389 | D:7      | Reached XP level 9. HP: 47/88 MP: 6/8
  3390 | D:7      | Reached **** piety under Trog
  3562 | D:7      | Noticed a moth of wrath
  3566 | D:7      | Found a transporter.
  3573 | D:7      | Found a transporter.
  3671 | D:7      | Found a bloodstained altar of Trog.
  3725 | D:7      | Noticed ra1n577's ghost (novice DDFi)
  3783 | D:7      | Found Dinn's General Store.
  3798 | D:7      | Bought a potion of haste for 140 gold pieces
  3798 | D:7      | Bought 2 potions of curing for 84 gold pieces
  4005 | D:7      | Found Apupti Kurui's Weapon Shop.
  4117 | D:7      | Mangled by a moth of wrath

Illustrated notes

Levels and vault maps discovered:
D:1:      onia_arrival_pyramid, layout_basic, minmay_bisected
D:2:      layout_loops_ring, grunt_temple_overflow_open, minitemple,
          nicolae_overflow_crystal_walls, nicolae_dithmenos_shadow_blocks,
          uniq_terence
D:3:      layout_basic
D:4:      layout_loops_corners, nicolae_overflow_hidden_temple, kennysheep_mini,
          trog_three_pillars_becter
D:5:      layout_basic, gammafunk_temple_overflow_wave, first_ration
D:6:      layout_loops_ring, minmay_temple_entry_overgrown, basic_altar,
          serial_shops, nicolae_shop_overgrown_old_shop, uniq_eustachio,
          uniq_menkaure, uniq_maggie
D:7:      layout_gridville, gammafunk_ghost_wrathful_warriors, serial_shops,
          kennysheep_little_box, nicolae_shop_crystal, nicolae_shop_statue_plus
Temple:   dshaligram_water_room_temple

Skill      XL: |  1  2  3  4  5  6  7  8 |
---------------+-------------------------+-----
Maces & Flails | 3 4 5 6 8 |  8.9
Fighting       | 3 4 5 |  5.9
Dodging        | 3 4 5 |  5.9

Action                   |  1- 3 |  4- 6 |  7- 9 || total
-------------------------+-------+-------+-------++-------
Melee: Mace              |    66 |   130 |   320 ||   516
Invok: Berserk           |     2 |     2 |     7 ||    11
       Trog's Hand       |       |       |     2 ||     2
  Use: Scroll            |       |     6 |       ||     6
       Potion            |       |       |     1 ||     1
 Stab: Sleeping          |       |     1 |     2 ||     3
  Eat: Chunk             |    12 |    18 |    25 ||    55
Armor: Animal skin       |    47 |    59 |    19 ||   125
       Steam dragon scal |       |       |   169 ||   169
Dodge: Dodged            |    42 |   103 |   273 ||   418

Table legend:
 A = Non-vault XP
 B = Vault XP
 C = Vault XP percentage of total XP
 D = Non-vault monster count
 E = Vault monster count
 F = Vault count percentage of total count
                 A         B        C        D         E       F
            +---------+---------+-------+---------+---------+-------
      Total |    3136 |     780 |  19.9 |     118 |       4 |   3.3
            +---------+---------+-------+---------+---------+-------
        D:1 |       7 |       0 |   0.0 |       4 |       0 |   0.0
        D:2 |      37 |      32 |  46.4 |      13 |       1 |   7.1
        D:3 |      60 |       0 |   0.0 |      20 |       0 |   0.0
        D:4 |     209 |       0 |   0.0 |      13 |       0 |   0.0
        D:5 |     494 |       0 |   0.0 |      12 |       0 |   0.0
        D:6 |     983 |     748 |  43.2 |      33 |       3 |   8.3
        D:7 |    1346 |       0 |   0.0 |      23 |       0 |   0.0
            +---------+---------+-------+---------+---------+-------
